[ PARTIDA AOE2 · #464414959 ]
Team RMBúlgaros vs Britons
[ ANÁLISIS DE REPETICIÓN · EXTRAÍDO DE LA PARTIDA GRABADA ]
Feudal
13:58
Castillos
26:23
Imperial
—
| APM promedio | 6.7 |
| APM pico | 35 |
| eAPM promedio | 5.6 |
| Aldeanos / militares | 67 / 80 |
Foco
⚔️ 26.2% · 🌾 73.8%
Archer ×40 · Militia ×39 · Monk ×1
Feudal
9:52
Castillos
21:13
Imperial
—
| APM promedio | 19.3 |
| APM pico | 49 |
| eAPM promedio | 11.9 |
| Aldeanos / militares | 92 / 152 |
Foco
⚔️ 20.8% · 🌾 79.2%
Scout Cavalry ×140 · Battering Ram ×9 · Knight ×3
Feudal
—
Castillos
—
Imperial
—
| APM promedio | 13.0 |
| APM pico | 28 |
| eAPM promedio | 10.1 |
| Aldeanos / militares | 73 / 92 |
Foco
⚔️ 34.5% · 🌾 65.5%
Woad Raider ×49 · Spearman ×24 · Battering Ram ×12 · Militia ×6 · Monk ×1
Feudal
18:32
Castillos
27:58
Imperial
51:11
| APM promedio | 24.0 |
| APM pico | 80 |
| eAPM promedio | 14.2 |
| Aldeanos / militares | 132 / 109 |
Foco
⚔️ 20.3% · 🌾 79.7%
Archer ×95 · Battering Ram ×10 · Mangonel ×2 · Trebuchet (Packed) ×2
Mapa de la partida
Recursos al inicio + cada clic de construcción. Línea gruesa = muro · recuadro discontinuo = muro de casas detectado. 🟡 oro · ⚪ piedra · 🟢 bayas · 🔶 jabalí · ⭕ reliquia
Inputs por minuto
— scottiemoe18 - - WillOfTheGodz
Build order — scottiemoe18
97 acciones detectadas en el replay
| 0:25 | Construir | House |
| 0:26 | Construir | House |
| 0:28 | Construir | House |
| 0:36 | Crear | Villager (Male) ×4 |
| 0:36 | Crear | Villager (Male) ×4 |
| 2:33 | Crear | Villager (Male) ×2 |
| 2:33 | Crear | Villager (Male) ×2 |
| 3:00 | Crear | Villager (Male) |
| 3:00 | Crear | Villager (Male) |
| 3:58 | Construir | Palisade Wall |
| 5:02 | Construir | Palisade Wall |
| 5:14 | Crear | Villager (Male) ×5 |
| 6:27 | Construir | Lumber Camp |
| 8:07 | Construir | Mill |
| 11:48 | Investigar | Feudal Age |
| 12:02 | Crear | Villager (Male) ×2 |
| 12:51 | Construir | Mining Camp |
| 13:00 | Construir | Barracks |
| 13:28 | Construir | Mining Camp |
| 13:58 | Edad | Edad Feudal |
| 16:53 | Crear | Villager (Male) ×5 |
| 16:53 | Crear | Villager (Male) ×5 |
| 16:54 | Crear | Villager (Male) ×5 |
| 16:54 | Crear | Villager (Male) ×5 |
| 17:07 | Construir | House |
| 17:08 | Construir | House |
| 17:10 | Construir | House |
| 17:30 | Construir | Stone Wall |
| 19:09 | Construir | Blacksmith |
| 20:31 | Construir | Stone Wall |
| 22:41 | Construir | Watch Tower |
| 23:03 | Construir | Market |
| 23:43 | Investigar | Castle Age |
| 24:06 | Crear | Villager (Male) ×5 |
| 24:13 | Construir | Farm |
| 24:14 | Construir | Farm |
| 24:15 | Construir | Farm |
| 24:56 | Construir | Farm |
| 25:09 | Construir | House |
| 25:09 | Construir | House |
| 25:21 | Construir | Farm |
| 26:23 | Edad | Edad de los Castillos |
| 26:42 | Construir | Krepost |
| 26:52 | Construir | Krepost |
| 27:01 | Crear | Villager (Male) ×4 |
| 27:15 | Construir | Farm |
| 27:27 | Construir | Farm |
| 27:48 | Construir | Farm |
| 27:51 | Investigar | Horse Collar |
| 28:15 | Construir | Farm |
| 28:18 | Crear | Villager (Male) ×2 |
| 28:47 | Construir | Farm |
| 29:05 | Construir | Farm |
| 29:22 | Crear | Militia ×4 |
| 29:33 | Crear | Militia ×4 |
| 29:45 | Construir | Castle |
| 30:02 | Construir | Farm |
| 30:07 | Construir | Farm |
| 31:59 | Construir | Farm |
| 32:04 | Construir | Farm |
| 32:09 | Construir | Farm |
| 32:29 | Construir | Mining Camp |
| 32:54 | Investigar | Squires |
| 32:54 | Crear | Militia ×5 |
| 32:55 | Crear | Militia ×5 |
| 32:55 | Crear | Militia |
| 35:00 | Crear | Militia ×5 |
| 35:08 | Investigar | Scale Mail Armor |
| 35:09 | Investigar | Forging |
| 35:42 | Crear | Villager (Male) ×5 |
| 37:52 | Investigar | Chain Mail Armor |
| 38:35 | Crear | Villager (Male) ×5 |
| 39:29 | Construir | Monastery |
| 39:37 | Construir | University |
| 39:52 | Construir | Archery Range |
| 39:58 | Construir | Archery Range |
| 40:33 | Crear | Monk |
| 41:08 | Investigar | Thumb Ring |
| 41:18 | Crear | Archer ×5 |
| 41:19 | Crear | Archer ×3 |
| 41:31 | Crear | Villager (Male) ×5 |
| 41:50 | Investigar | Murder Holes |
| 42:39 | Crear | Archer ×4 |
| 44:27 | Construir | Castle |
| 44:41 | Investigar | Fletching |
| 46:04 | Crear | Archer ×5 |
| 48:02 | Crear | Militia ×3 |
| 48:28 | Crear | Militia ×5 |
| 48:28 | Crear | Militia ×5 |
| 48:28 | Crear | Militia ×2 |
| 50:19 | Crear | Archer ×5 |
| 50:19 | Crear | Archer ×5 |
| 50:20 | Crear | Archer ×5 |
| 50:20 | Crear | Archer ×5 |
| 50:20 | Crear | Archer ×3 |
| 50:49 | Construir | Archery Range |
| 50:51 | Construir | Archery Range |
Build order — WillOfTheGodz
Primeras 150 de 305 acciones detectadas
| 0:02 | Crear | Villager (Male) |
| 0:02 | Crear | Villager (Male) |
| 0:02 | Crear | Villager (Male) |
| 0:04 | Construir | House |
| 0:07 | Construir | House |
| 0:28 | Crear | Villager (Male) |
| 1:19 | Investigar | Loom |
| 1:54 | Crear | Villager (Male) |
| 2:08 | Crear | Villager (Male) |
| 2:17 | Construir | House |
| 2:37 | Crear | Villager (Male) |
| 3:05 | Construir | Palisade Wall |
| 3:32 | Construir | Lumber Camp |
| 3:36 | Crear | Villager (Male) |
| 3:36 | Crear | Villager (Male) |
| 4:25 | Crear | Villager (Male) |
| 4:26 | Crear | Villager (Male) |
| 5:37 | Construir | Mill |
| 5:44 | Crear | Villager (Male) |
| 5:45 | Crear | Villager (Male) |
| 5:45 | Crear | Villager (Male) |
| 5:59 | Crear | Villager (Male) |
| 6:49 | Construir | House |
| 7:37 | Construir | Outpost |
| 7:42 | Investigar | Feudal Age |
| 8:16 | Construir | Outpost |
| 9:00 | Crear | Villager (Male) |
| 9:00 | Crear | Villager (Male) |
| 9:00 | Crear | Villager (Male) |
| 9:12 | Construir | Mill |
| 9:28 | Construir | Outpost |
| 9:52 | Edad | Edad Feudal |
| 9:58 | Investigar | Town Watch |
| 10:20 | Construir | House |
| 10:54 | Investigar | Wheelbarrow |
| 11:32 | Crear | Villager (Male) |
| 11:32 | Crear | Villager (Male) |
| 11:50 | Construir | Mining Camp |
| 13:25 | Construir | Farm |
| 13:25 | Construir | Farm |
| 13:49 | Crear | Villager (Male) |
| 13:49 | Crear | Villager (Male) |
| 13:55 | Construir | Farm |
| 14:06 | Investigar | Double-Bit Axe |
| 14:38 | Construir | Farm |
| 14:47 | Construir | Farm |
| 14:49 | Crear | Villager (Male) |
| 14:50 | Crear | Villager (Male) |
| 15:13 | Construir | Farm |
| 15:18 | Construir | Farm |
| 15:21 | Crear | Villager (Male) |
| 15:40 | Construir | Market |
| 15:44 | Construir | House |
| 15:50 | Crear | Villager (Male) |
| 15:57 | Construir | Farm |
| 16:08 | Construir | Farm |
| 16:14 | Investigar | Horse Collar |
| 16:29 | Crear | Villager (Male) |
| 16:43 | Construir | Farm |
| 17:00 | Construir | Farm |
| 17:04 | Crear | Villager (Male) |
| 17:18 | Construir | Blacksmith |
| 17:23 | Crear | Villager (Male) |
| 17:31 | Construir | Farm |
| 17:31 | Construir | Farm |
| 17:37 | Construir | Farm |
| 17:46 | Construir | House |
| 18:01 | Construir | House |
| 18:08 | Crear | Villager (Male) |
| 18:15 | Construir | Farm |
| 18:15 | Construir | Farm |
| 18:31 | Investigar | Castle Age |
| 19:32 | Investigar | Forging |
| 19:46 | Construir | Barracks |
| 20:03 | Investigar | Scale Barding Armor |
| 20:10 | Construir | House |
| 20:12 | Construir | House |
| 20:31 | Construir | House |
| 20:34 | Construir | House |
| 20:36 | Construir | House |
| 21:11 | Construir | House |
| 21:13 | Edad | Edad de los Castillos |
| 21:24 | Construir | Farm |
| 21:26 | Investigar | Heavy Plow |
| 21:29 | Investigar | Hand Cart |
| 21:31 | Crear | Villager (Male) |
| 21:31 | Crear | Villager (Male) |
| 21:31 | Crear | Villager (Male) |
| 21:47 | Construir | Lumber Camp |
| 22:00 | Construir | House |
| 22:05 | Construir | House |
| 22:26 | Construir | Stable |
| 22:28 | Construir | Stable |
| 22:54 | Construir | House |
| 22:59 | Construir | House |
| 23:11 | Construir | House |
| 23:24 | Construir | House |
| 23:34 | Investigar | Town Patrol |
| 23:39 | Investigar | Iron Casting |
| 23:44 | Investigar | Husbandry |
| 23:55 | Construir | Mill |
| 23:56 | Construir | Farm |
| 23:57 | Construir | Farm |
| 23:57 | Construir | Farm |
| 23:57 | Construir | Farm |
| 23:57 | Construir | Farm |
| 23:58 | Construir | Farm |
| 24:03 | Crear | Villager (Male) |
| 24:26 | Construir | Stone Wall |
| 24:28 | Crear | Villager (Male) |
| 24:28 | Crear | Villager (Male) |
| 24:52 | Construir | Farm |
| 24:52 | Construir | Farm |
| 24:53 | Construir | Farm |
| 24:53 | Construir | Farm |
| 24:53 | Construir | Farm |
| 25:17 | Investigar | Bloodlines |
| 25:37 | Investigar | Light Cavalry (upgrade) |
| 25:41 | Crear | Scout Cavalry |
| 25:42 | Crear | Scout Cavalry |
| 26:00 | Construir | Farm |
| 26:01 | Construir | Farm |
| 26:01 | Construir | Farm |
| 26:05 | Crear | Villager (Male) |
| 26:06 | Crear | Villager (Male) |
| 26:13 | Crear | Scout Cavalry |
| 26:13 | Crear | Scout Cavalry |
| 26:38 | Construir | Stone Wall |
| 26:52 | Construir | Stone Wall |
| 26:58 | Crear | Scout Cavalry ×4 |
| 26:59 | Crear | Scout Cavalry ×4 |
| 27:08 | Construir | Farm |
| 27:08 | Construir | Farm |
| 27:08 | Construir | Farm |
| 27:08 | Construir | Farm |
| 27:09 | Construir | Farm |
| 27:09 | Construir | Farm |
| 27:15 | Crear | Villager (Male) |
| 27:40 | Construir | Farm |
| 27:40 | Construir | Farm |
| 27:41 | Construir | Farm |
| 27:41 | Construir | Farm |
| 27:54 | Construir | Lumber Camp |
| 28:01 | Construir | House |
| 28:07 | Crear | Villager (Male) |
| 28:08 | Crear | Villager (Male) |
| 28:08 | Crear | Villager (Male) |
| 28:16 | Crear | Scout Cavalry ×4 |
| 28:32 | Construir | Farm |
| 28:32 | Construir | Farm |
Build order — RancidMeerkat
Primeras 150 de 274 acciones detectadas
| 0:01 | Crear | Villager (Male) |
| 0:01 | Crear | Villager (Male) |
| 0:20 | Construir | House |
| 0:25 | Construir | House |
| 1:01 | Crear | Villager (Male) |
| 1:01 | Crear | Villager (Male) |
| 1:39 | Construir | Palisade Wall |
| 2:24 | Construir | Outpost |
| 2:36 | Construir | Palisade Wall |
| 2:54 | Crear | Villager (Male) |
| 2:55 | Crear | Villager (Male) |
| 2:55 | Crear | Villager (Male) |
| 3:29 | Crear | Villager (Male) |
| 3:52 | Crear | Villager (Male) |
| 4:16 | Construir | Lumber Camp |
| 4:52 | Crear | Villager (Male) |
| 4:52 | Crear | Villager (Male) |
| 5:25 | Construir | House |
| 5:46 | Crear | Villager (Male) |
| 6:20 | Crear | Villager (Male) |
| 6:48 | Construir | Palisade Wall |
| 6:54 | Crear | Villager (Male) |
| 7:12 | Construir | Mill |
| 8:20 | Crear | Villager (Male) |
| 8:21 | Crear | Villager (Male) |
| 8:21 | Crear | Villager (Male) |
| 8:47 | Crear | Villager (Male) |
| 8:47 | Crear | Villager (Male) |
| 10:16 | Construir | Building 804 |
| 10:26 | Construir | House |
| 10:55 | Investigar | Feudal Age |
| 12:01 | Construir | House |
| 12:04 | Construir | House |
| 12:07 | Construir | House |
| 12:08 | Construir | House |
| 12:11 | Construir | House |
| 13:02 | Construir | Barracks |
| 13:37 | Construir | Mining Camp |
| 13:41 | Crear | Villager (Male) |
| 13:41 | Crear | Villager (Male) |
| 13:41 | Crear | Villager (Male) |
| 13:43 | Crear | Villager (Male) |
| 14:23 | Investigar | Double-Bit Axe |
| 14:28 | Investigar | Horse Collar |
| 14:31 | Crear | Villager (Male) |
| 14:52 | Construir | Farm |
| 15:16 | Construir | Farm |
| 15:32 | Crear | Villager (Male) |
| 15:32 | Crear | Villager (Male) |
| 16:05 | Construir | Lumber Camp |
| 17:15 | Construir | Farm |
| 17:36 | Construir | Market |
| 17:50 | Construir | Blacksmith |
| 18:36 | Construir | Mining Camp |
| 19:36 | Construir | Building 490 |
| 19:54 | Investigar | Castle Age |
| 19:59 | Construir | Farm |
| 20:04 | Construir | Farm |
| 20:11 | Construir | Farm |
| 20:18 | Construir | Farm |
| 20:38 | Construir | Stone Wall |
| 20:54 | Construir | Farm |
| 20:59 | Construir | Farm |
| 21:31 | Construir | Farm |
| 21:37 | Construir | Farm |
| 22:07 | Investigar | Man-at-Arms (upgrade) |
| 22:20 | Construir | Barracks |
| 22:23 | Construir | Barracks |
| 22:34 | Crear | Militia |
| 22:34 | Crear | Militia |
| 22:40 | Crear | Villager (Male) |
| 22:40 | Crear | Villager (Male) |
| 22:57 | Construir | Building 490 |
| 23:03 | Construir | Stone Wall |
| 23:07 | Crear | Villager (Male) |
| 23:07 | Crear | Villager (Male) |
| 23:17 | Crear | Militia |
| 23:18 | Crear | Militia |
| 23:54 | Construir | Farm |
| 24:01 | Construir | Farm |
| 24:12 | Construir | Farm |
| 24:17 | Crear | Villager (Male) |
| 24:23 | Construir | House |
| 24:25 | Construir | House |
| 24:26 | Construir | House |
| 24:27 | Construir | House |
| 24:30 | Investigar | Long Swordsman (upgrade) |
| 24:31 | Crear | Militia |
| 24:32 | Crear | Militia |
| 25:15 | Construir | Siege Workshop |
| 26:16 | Crear | Battering Ram |
| 26:16 | Crear | Battering Ram |
| 26:22 | Construir | Siege Workshop |
| 26:30 | Crear | Villager (Male) |
| 26:31 | Crear | Villager (Male) |
| 26:33 | Investigar | Gold Mining |
| 27:25 | Construir | Monastery |
| 27:35 | Investigar | Bow Saw |
| 28:25 | Crear | Villager (Male) |
| 28:25 | Crear | Villager (Male) |
| 28:52 | Crear | Monk |
| 29:05 | Crear | Villager (Male) |
| 29:05 | Crear | Villager (Male) |
| 29:07 | Investigar | Town Watch |
| 30:46 | Investigar | Forging |
| 30:47 | Investigar | Scale Mail Armor |
| 31:11 | Construir | Town Center |
| 31:54 | Investigar | Heavy Plow |
| 31:57 | Investigar | Gold Shaft Mining |
| 32:00 | Investigar | Stone Mining |
| 32:14 | Construir | Castle |
| 32:29 | Crear | Villager (Male) |
| 32:29 | Crear | Villager (Male) |
| 32:29 | Crear | Villager (Male) |
| 32:30 | Crear | Villager (Male) |
| 33:19 | Construir | Farm |
| 33:24 | Construir | Farm |
| 33:30 | Construir | Farm |
| 33:36 | Investigar | Imperial Age |
| 33:39 | Crear | Villager (Male) |
| 33:40 | Crear | Villager (Male) |
| 34:02 | Crear | Villager (Male) |
| 34:26 | Crear | Woad Raider |
| 34:27 | Crear | Woad Raider |
| 34:31 | Crear | Spearman ×2 |
| 34:48 | Construir | Farm |
| 34:56 | Construir | Farm |
| 35:05 | Construir | Farm |
| 35:07 | Crear | Villager (Male) |
| 35:09 | Crear | Villager (Male) |
| 35:22 | Investigar | Stone Shaft Mining |
| 35:30 | Crear | Spearman ×2 |
| 36:15 | Crear | Spearman |
| 36:15 | Crear | Spearman |
| 36:15 | Crear | Spearman |
| 36:16 | Crear | Spearman |
| 36:19 | Crear | Woad Raider |
| 36:19 | Crear | Woad Raider |
| 36:20 | Crear | Woad Raider |
| 36:39 | Crear | Villager (Male) |
| 36:39 | Crear | Villager (Male) |
| 36:57 | Crear | Battering Ram |
| 36:57 | Crear | Battering Ram |
| 37:12 | Crear | Villager (Male) |
| 37:15 | Crear | Villager (Male) |
| 37:20 | Crear | Villager (Male) |
| 37:23 | Investigar | Wheelbarrow |
| 37:44 | Investigar | Pikeman (upgrade) |
| 38:22 | Construir | Farm |
| 38:24 | Crear | Villager (Male) |
Build order — -(-0-0-)-+(,_o)+$(*^_^*)$
Primeras 150 de 297 acciones detectadas
| 0:06 | Construir | House |
| 0:07 | Construir | House |
| 0:08 | Crear | Villager (Male) |
| 0:08 | Crear | Villager (Male) |
| 0:09 | Crear | Villager (Male) |
| 0:09 | Crear | Villager (Male) |
| 0:09 | Crear | Villager (Male) |
| 0:10 | Investigar | Loom |
| 0:46 | Crear | Villager (Male) |
| 0:46 | Crear | Villager (Male) |
| 0:47 | Crear | Villager (Male) |
| 0:47 | Crear | Villager (Male) |
| 2:31 | Construir | Building 804 |
| 2:44 | Construir | Building 796 |
| 2:58 | Crear | Villager (Male) |
| 2:58 | Crear | Villager (Male) |
| 3:10 | Construir | Palisade Wall |
| 3:18 | Construir | Building 800 |
| 3:44 | Crear | Villager (Male) |
| 3:45 | Crear | Villager (Male) |
| 4:16 | Crear | Villager (Male) |
| 4:16 | Crear | Villager (Male) |
| 4:17 | Crear | Villager (Male) |
| 4:56 | Crear | Villager (Male) |
| 4:56 | Crear | Villager (Male) |
| 5:03 | Crear | Villager (Male) |
| 5:04 | Crear | Villager (Male) |
| 5:20 | Crear | Villager (Male) |
| 5:21 | Crear | Villager (Male) |
| 5:31 | Construir | Palisade Wall |
| 5:36 | Construir | Palisade Wall |
| 5:43 | Construir | House |
| 5:49 | Construir | Barracks |
| 5:52 | Crear | Villager (Male) |
| 5:52 | Crear | Villager (Male) |
| 5:52 | Crear | Villager (Male) |
| 6:24 | Crear | Villager (Male) |
| 6:24 | Crear | Villager (Male) |
| 6:24 | Crear | Villager (Male) |
| 6:48 | Construir | House |
| 6:52 | Construir | House |
| 7:58 | Construir | Building 800 |
| 8:03 | Construir | Building 796 |
| 8:15 | Construir | Mill |
| 8:32 | Crear | Villager (Male) |
| 8:32 | Crear | Villager (Male) |
| 8:50 | Construir | Building 804 |
| 8:55 | Construir | Building 804 |
| 8:58 | Crear | Villager (Male) |
| 8:58 | Crear | Villager (Male) |
| 8:58 | Crear | Villager (Male) |
| 9:08 | Construir | Palisade Wall |
| 9:29 | Crear | Villager (Male) |
| 9:29 | Crear | Villager (Male) |
| 9:30 | Crear | Villager (Male) |
| 9:42 | Crear | Villager (Male) |
| 9:43 | Crear | Villager (Male) |
| 9:43 | Crear | Villager (Male) |
| 10:01 | Crear | Villager (Male) |
| 10:01 | Crear | Villager (Male) |
| 10:16 | Construir | Outpost |
| 10:25 | Crear | Villager (Male) |
| 10:25 | Crear | Villager (Male) |
| 10:32 | Construir | Palisade Wall |
| 10:38 | Construir | Palisade Wall |
| 10:43 | Crear | Villager (Male) |
| 10:44 | Crear | Villager (Male) |
| 11:08 | Construir | Palisade Wall |
| 11:26 | Crear | Villager (Male) |
| 11:27 | Crear | Villager (Male) |
| 11:28 | Crear | Villager (Male) |
| 11:28 | Crear | Villager (Male) |
| 12:22 | Crear | Villager (Male) |
| 12:22 | Crear | Villager (Male) |
| 12:44 | Construir | Lumber Camp |
| 12:56 | Crear | Villager (Male) |
| 12:56 | Crear | Villager (Male) |
| 13:16 | Crear | Villager (Male) |
| 13:16 | Crear | Villager (Male) |
| 13:37 | Crear | Villager (Male) |
| 13:49 | Crear | Villager (Male) |
| 13:52 | Construir | House |
| 14:13 | Crear | Villager (Male) |
| 14:13 | Crear | Villager (Male) |
| 14:33 | Crear | Villager (Male) |
| 15:09 | Construir | Mill |
| 15:12 | Crear | Villager (Male) |
| 16:00 | Crear | Villager (Male) |
| 16:03 | Construir | House |
| 16:17 | Construir | Mining Camp |
| 16:22 | Investigar | Feudal Age |
| 16:40 | Construir | House |
| 17:04 | Construir | Mining Camp |
| 17:11 | Construir | Farm |
| 17:12 | Construir | Farm |
| 17:13 | Construir | Farm |
| 18:32 | Edad | Edad Feudal |
| 18:37 | Construir | Archery Range |
| 18:41 | Crear | Villager (Male) |
| 18:42 | Crear | Villager (Male) |
| 18:42 | Crear | Villager (Male) |
| 18:47 | Construir | Blacksmith |
| 18:53 | Investigar | Double-Bit Axe |
| 19:04 | Crear | Archer |
| 19:04 | Crear | Archer |
| 19:04 | Crear | Archer |
| 19:30 | Crear | Villager (Male) |
| 19:34 | Investigar | Fletching |
| 19:41 | Construir | Mining Camp |
| 20:11 | Construir | Outpost |
| 20:15 | Investigar | Town Watch |
| 20:16 | Crear | Villager (Male) |
| 20:16 | Crear | Villager (Male) |
| 20:59 | Crear | Villager (Male) |
| 20:59 | Crear | Villager (Male) |
| 21:19 | Crear | Archer |
| 21:19 | Crear | Archer |
| 21:29 | Construir | House |
| 21:31 | Construir | House |
| 21:33 | Construir | House |
| 21:39 | Construir | House |
| 21:41 | Construir | House |
| 21:44 | Construir | House |
| 22:16 | Crear | Archer |
| 22:20 | Construir | Archery Range |
| 22:25 | Construir | Archery Range |
| 22:30 | Crear | Villager (Male) |
| 22:31 | Crear | Villager (Male) |
| 22:33 | Construir | Farm |
| 22:34 | Construir | Farm |
| 23:06 | Crear | Villager (Male) |
| 23:08 | Construir | Farm |
| 23:18 | Crear | Archer ×5 |
| 23:45 | Crear | Villager (Male) |
| 24:01 | Construir | Market |
| 24:15 | Crear | Archer ×5 |
| 24:24 | Crear | Villager (Male) |
| 24:24 | Crear | Villager (Male) |
| 24:56 | Crear | Archer ×5 |
| 25:16 | Investigar | Padded Archer Armor |
| 25:18 | Investigar | Castle Age |
| 26:09 | Crear | Archer ×4 |
| 26:43 | Investigar | Gold Mining |
| 26:48 | Construir | House |
| 26:50 | Construir | House |
| 26:52 | Construir | House |
| 26:54 | Construir | House |
| 26:56 | Construir | House |
| 26:58 | Construir | House |
| 27:01 | Construir | House |
Cronología de la partida
| 1:39 | RancidMeerkat · wall_segment Palisade Wall x14 |
| 2:36 | RancidMeerkat · wall_segment Palisade Wall x12 |
| 3:05 | WillOfTheGodz · wall_segment Palisade Wall x1 |
| 3:10 | -(-0-0-)-+(,_o)+$(*^_^*)$ · wall_segment Palisade Wall x1 |
| 3:58 | scottiemoe18 · wall_segment Palisade Wall x17 |
| 5:02 | scottiemoe18 · wall_segment Palisade Wall x13 |
| 5:31 | -(-0-0-)-+(,_o)+$(*^_^*)$ · wall_segment Palisade Wall x2 |
| 5:36 | -(-0-0-)-+(,_o)+$(*^_^*)$ · wall_segment Palisade Wall x2 |
| 5:49 | -(-0-0-)-+(,_o)+$(*^_^*)$ · first_building Barracks |
| 6:48 | RancidMeerkat · wall_segment Palisade Wall x13 |
| 9:08 | -(-0-0-)-+(,_o)+$(*^_^*)$ · wall_segment Palisade Wall x5 |
| 9:52 | WillOfTheGodz · age_up feudal |
| 10:32 | -(-0-0-)-+(,_o)+$(*^_^*)$ · wall_segment Palisade Wall x7 |
| 10:38 | -(-0-0-)-+(,_o)+$(*^_^*)$ · wall_segment Palisade Wall x6 |
| 11:08 | -(-0-0-)-+(,_o)+$(*^_^*)$ · wall_segment Palisade Wall x6 |
| 13:00 | scottiemoe18 · first_building Barracks |
| 13:02 | RancidMeerkat · first_building Barracks |
| 13:58 | scottiemoe18 · age_up feudal |
| 17:30 | scottiemoe18 · wall_segment Stone Wall x13 |
| 18:32 | -(-0-0-)-+(,_o)+$(*^_^*)$ · age_up feudal |
| 18:37 | -(-0-0-)-+(,_o)+$(*^_^*)$ · first_building Archery Range |
| 19:46 | WillOfTheGodz · first_building Barracks |
| 20:31 | scottiemoe18 · wall_segment Stone Wall x13 |
| 20:38 | RancidMeerkat · wall_segment Stone Wall x12 |
| 21:13 | WillOfTheGodz · age_up castle |
| 22:26 | WillOfTheGodz · first_building Stable |
| 23:03 | RancidMeerkat · wall_segment Stone Wall x8 |
| 23:39 | scottiemoe18 · first_market_buy 100 food |
| 24:26 | WillOfTheGodz · wall_segment Stone Wall x1 |
| 25:01 | -(-0-0-)-+(,_o)+$(*^_^*)$ · first_market_sell 100 wood |
| 25:03 | -(-0-0-)-+(,_o)+$(*^_^*)$ · first_market_buy 100 food |
| 25:15 | RancidMeerkat · first_building Siege Workshop |
| 25:28 | WillOfTheGodz · first_market_sell 100 stone |
| 25:33 | WillOfTheGodz · first_market_buy 100 food |
| 26:23 | scottiemoe18 · age_up castle |
| 26:38 | WillOfTheGodz · wall_segment Stone Wall x10 |
| 26:42 | scottiemoe18 · first_building Krepost |
| 26:52 | WillOfTheGodz · wall_segment Stone Wall x4 |
| 27:25 | RancidMeerkat · first_building Monastery |
| 27:58 | -(-0-0-)-+(,_o)+$(*^_^*)$ · age_up castle |
| 29:11 | -(-0-0-)-+(,_o)+$(*^_^*)$ · first_building Castle |
| 29:45 | scottiemoe18 · first_building Castle |
| 30:42 | WillOfTheGodz · first_building Siege Workshop |
| 32:14 | RancidMeerkat · first_building Castle |
| 39:29 | scottiemoe18 · first_building Monastery |
| 39:52 | scottiemoe18 · first_building Archery Range |
| 41:19 | WillOfTheGodz · first_building Castle |
| 41:36 | -(-0-0-)-+(,_o)+$(*^_^*)$ · first_building Siege Workshop |
| 47:14 | RancidMeerkat · first_building Archery Range |
| 48:21 | scottiemoe18 · first_market_sell 500 stone |
| 51:11 | -(-0-0-)-+(,_o)+$(*^_^*)$ · age_up imperial |
| 53:19 | scottiemoe18 · resign |
[ ANÁLISIS IA · 1 CRÉDITO ]
¿Qué pasó realmente en esta partida?
Wolo.gg analiza cada decisión: build order, eco, micro, errores típicos por bracket. Análisis personalizado por WhatsApp o Discord en 30 segundos.
Guía civ
Búlgaros
Guía mapa
Black Forest
Perfil
scottiemoe18